 Dungeon Sprint DCSS version 0.22-a0-389-g8519d86 (webtiles) character file.

543 raistware the Zephyrmancer (level 6, -5/45 HPs)
             Began as a Demigod Air Elementalist on Apr 30, 2018.
             Slain by a slime creature (14 damage)
             ... in the Dungeon (Sprint V: "Ziggurat Sprint").
             The game lasted 00:08:43 (351 turns).

raistware the Zephyrmancer (DgAE)                    Turns: 351, Time: 00:08:44

Health: -5/45      AC:  5    Str: 11    XL:     6   Next: 77%
Magic:  18/18      EV: 14    Int: 35    God:
Gold:   0          SH:  0    Dex: 16    Spells: 0/17 levels left

rFire    + . .     SeeInvis .   E - +8 lance "Wyrmbane" {slay drac, rPois rF+ rC+ AC+3}
rCold    + . .     Gourm    .   D - +3 buckler
rNeg     . . .     Faith    .   a - +0 robe
rPois    +         Spirit   .   (no helmet)
rElec    .         Reflect  .   (no cloak)
rCorr    .         Harm     .   (no gloves)
MR       .....     NoTele   +   (no boots)
Stlth    +.........             (no amulet)
HPRegen  0.15/turn              x - +6 ring of intelligence
MPRegen  0.16/turn              w - +6 ring of intelligence

@: confused
A: high mp 1
a: no special abilities


You were in the Dungeon.
You were not hungry.

You visited 1 branch

Inventory:

Hand Weapons
 E - the +8 lance "Wyrmbane" (weapon) {slay drac, rPois rF+ rC+ AC+3}
   (You found it in the Dungeon)

   It affects your AC (+3).
   It protects you from fire.
   It protects you from cold.
   It protects you from poison.
 G - a +0 quarterstaff of protection
Armour
 a - a +0 robe (worn)
 D - a +3 buckler (worn)
Jewellery
 u - a +6 ring of dexterity
 v - a +6 ring of dexterity
 w - a +6 ring of intelligence (right hand)
 x - a +6 ring of intelligence (left hand)
 y - a +6 ring of strength
 z - a +6 ring of strength
 H - an uncursed ring of see invisible
Wands
 A - a wand of disintegration (7)
 B - a wand of iceblast (4)
 C - a wand of acid (7)
Scrolls
 i - 4 scrolls of blinking
 o - 4 scrolls of amnesia
 p - 7 scrolls of fog
 q - a scroll of holy word
 r - 5 scrolls of identify
 s - 5 scrolls of remove curse
 t - 2 scrolls of fear
Potions
 b - 2 potions of brilliance
 d - 10 potions of curing
 e - 10 potions of heal wounds
 f - 6 potions of haste
 g - 7 potions of magic
 h - 3 potions of berserk rage
 j - 2 potions of invisibility
 k - 4 potions of resistance
 m - 5 potions of agility
 n - 5 potions of might
Miscellaneous
 l - a phantom mirror
 F - a lightning rod (4/4)
Comestibles
 c - 7 rations


   Skills:
 - Level 4.0 Dodging
 - Level 2.0 Stealth
 - Level 4.3 Shields
 + Level 6.0 Spellcasting
 + Level 6.3 Conjurations
 + Level 9.7 Air Magic


You couldn't memorise any spells.
You knew the following spells:

 Your Spells              Type           Power        Failure   Level  Hunger
a - Shock                 Conj/Air       ####         1%          1    None
b - Swiftness             Chrm/Air       #####...     1%          2    None
c - Static Discharge      Conj/Air       ######..     1%          3    None
d - Throw Frost           Conj/Ice       ####..       1%          2    None
e - Airstrike             Air            ######....   1%          4    ##.....
f - Lightning Bolt        Conj/Air       ######....   3%          5    ####...


Dungeon Overview and Level Annotations

Branches:
Dungeon (1/1)

Annotations:
D 1 transporter


Innate Abilities, Weirdness & Mutations

You have an increased reservoir of magic. (+10% MP)


Message History

You are more confused.
The ooze completely misses you.
The slime creature hits you but does no damage.
The ooze misses you.
The golden eye turns its gaze towards you.
The golden eye blinks!
The ooze completely misses you.
You barely miss the ooze. The golden eye blinks at you.
You are more confused.
The slime creature hits you!
* * * LOW HITPOINT WARNING * * *
The ooze misses you.
You bump into the unnaturally hard rock wall.
The slime creature hits you.
* * * LOW HITPOINT WARNING * * *
The golden eye pulsates ominously.
The golden eye blinks!
The ooze hits you but does no damage.
You bump into the unnaturally hard rock wall.
The slime creature hits you!
You die...

▓..©..▓..©..▓▓▓▓▓▓▓
▓▓▓▓▓▓▓▓▓▓▓▓▓▓
▓..8©8...▓
▓..)[[...▓
▓...)....▓
▓........▓
▓...G....▓
▓.▓....▓J▓
▓...©.JJ@▓
▓▓▓▓▓▓▓▓▓▓


You could see a slime creature, a jelly, an ooze and a golden eye.

Vanquished Creatures
  An air elemental (D)
  An insubstantial wisp (D)
  An eye of draining (D)
  An iron imp (D)
  A shadow imp (D)
  An ufetubus (D)
  An ooze (D)
7 creatures vanquished.

Vanquished Creatures (others)
  2 insubstantial wisps (D)
2 creatures vanquished.

Grand Total: 9 creatures vanquished

Notes
Turn   | Place    | Note
-------+----------+-------------------------------------------
     0 | D        | Found the +6 Majin-Bo {vamp, Archmagi MP+6 Int+6}
     0 | D        | Found the +7 great mace "Firestarter" {inner flame, rF++}
     0 | D        | raistware the Demigod Air Elementalist began the quest for the Orb.
     0 | D        | Reached XP level 1. HP: 14/14 MP: 5/5
     0 | D        | Found a deep blue altar of Sif Muna.
     0 | D        | Found a sacrificial altar of Ru.
     0 | D        | Found a bloodstained altar of Trog.
     0 | D        | Found a stormy altar of Qazlal.
     0 | D        | Found an iron altar of Okawaru.
     0 | D        | Found a sparkling altar of Nemelex Xobeh.
     0 | D        | Found a blossoming altar of Fedhas.
     2 | D        | Found a transporter.
     2 | D        | Found an ancient bone altar of Kikubaaqudgha.
     2 | D        | Found a viscous altar of Jiyva.
     2 | D        | Found a corrupted altar of Lugonu.
     2 | D        | Found a hazy altar of Hepliaklqana.
     2 | D        | Found a burning altar of Makhleb.
     2 | D        | Found an opulent altar of Gozag.
    19 | D        | Found the +9 heavy crossbow "Sniper" {velocity, Acc+∞ SInv}
    19 | D        | Found the +10 dark maul {crush}
    19 | D        | Found the +15 Maxwell's patent armour {-Cast -Tele rElec MR+ rCorr}
    19 | D        | Found the +18 shield of the Gong {rElec rN+ MR+ EV-5}
    19 | D        | Found the cursed +14 obsidian axe {chop, +Fly SInv *Curse}
    20 | D        | Found the +6 shillelagh "Devastator" {shatter}
    20 | D        | Found the +11 plutonium sword {*Contam Stlth-}
    20 | D        | Found the +8 lance "Wyrmbane" {slay drac, rPois rF+ rC+ AC+3}
    20 | D        | Found the +9 sword of Zonguldrok {reap}
    20 | D        | Found the cursed +13 scythe of Curses {drain, *Curse}
    20 | D        | Found the +0 sword of Power
    20 | D        | Found the +7 Singing Sword
    20 | D        | Found the +7 longbow "Piercer" {penet, EV-2}
    64 | D        | Reached skill level 7 in Air Magic
    64 | D        | Reached XP level 2. HP: 20/20 MP: 7/7
    79 | D        | Learned a level 2 spell: Swiftness
    79 | D        | Entered arena 2.
    79 | D        | Noticed an eye of draining
    79 | D        | Found a transporter.
    89 | D        | Killed an eye of draining
    89 | D        | Reached skill level 8 in Air Magic
    89 | D        | Reached XP level 3. HP: 26/26 MP: 0/10
    89 | D        | Reached XP level 4. HP: 33/33 MP: 0/11
    95 | D        | Got the Incunabulum of Frigorific Clay
   103 | D        | Learned a level 3 spell: Static Discharge
   106 | D        | Learned a level 2 spell: Throw Frost
   173 | D        | Entered arena 3.
   173 | D        | Found a transporter.
   183 | D        | Reached skill level 1 in Shields
   235 | D        | Entered arena 4.
   235 | D        | Noticed an insubstantial wisp
   235 | D        | Noticed an insubstantial wisp
   235 | D        | Noticed an air elemental
   235 | D        | Noticed an insubstantial wisp
   235 | D        | Found a transporter.
   237 | D        | Killed an insubstantial wisp
   237 | D        | Reached XP level 5. HP: 38/38 MP: 12/14
   238 | D        | Killed an insubstantial wisp
   238 | D        | Reached skill level 5 in Spellcasting
   238 | D        | Reached skill level 5 in Conjurations
   238 | D        | Reached skill level 9 in Air Magic
   238 | D        | Reached XP level 6. HP: 45/45 MP: 12/16
   239 | D        | Killed an insubstantial wisp
   239 | D        | Killed an air elemental
   281 | D        | Learned a level 4 spell: Airstrike
   287 | D        | Learned a level 5 spell: Lightning Bolt
   339 | D        | Entered arena 5.
   339 | D        | Noticed a golden eye
   339 | D        | Noticed a slime creature
   339 | D        | Found a transporter.
   340 | D        | Found the +4 arc blade {discharge, rElec}
   351 | D        | Slain by a slime creature

Vault maps used:
D:        sprint_v

Skill      XL: |  1  2  3  4  5  6 |
---------------+-------------------+-----
Air Magic      | 7 8 9 |  9.7
Dodging        | 3 4 |  4.0
Spellcasting   | 3 4 5 6 |  6.0
Conjurations   | 3 4 5 6 |  6.3
Stealth        | 2 |  2.0
Shields        | 3 4 |  4.3

Action                   |  1- 3 |  4- 6 || total
-------------------------+-------+-------++-------
Melee: Lance             |     4 |     9 ||    13
 Cast: Shock             |     5 |     5 ||    10
       Swiftness         |     1 |       ||     1
Evoke: Wand              |       |     3 ||     3
  Use: Potion            |     1 |       ||     1
Armor: Robe              |     2 |     3 ||     5
Dodge: Dodged            |     2 |    12 ||    14
Block: Buckler           |     3 |     2 ||     5

Table legend:
 A = Spawn XP
 B = Non-spawn XP
 C = Spawn XP percentage of total XP
 D = Spawn monster count
 E = Non-spawn monster count
 F = Spawn count percentage of total count
 G = Total turns spent on level
                    A         B        C        D         E        F      G
               +---------+---------+-------+---------+---------+-------+---------
         Total |       0 |     762 |   0.0 |       0 |       9 |   0.0 |   351
               +---------+---------+-------+---------+---------+-------+---------
             D |       0 |     762 |   0.0 |       0 |       9 |   0.0 |   351
               +---------+---------+-------+---------+---------+-------+---------
